AoeStats
← Boris

Hideout

508363911Analyzed
1v1 RM · 10d ago on Sep 22, 2026· 47m 34s· 2 players
Game mode
Random Map
Map size
Tiny (2 player)
Population
200
Speed
Normal
Resources
Standard
Victory
Conquest
Starting age
Dark Age
Ending age
Imperial Age
RankedLock teamsTeams togetherTeam positionsShared explorationLock speedFull tech treeHidden civsTurbo modeCheats
Victory
Defeat
🇭🇰 Saracens · Hong Kong SAR China
1514
+15
🇸🇻 Spanish · El Salvador
1485
-15
Boris
7:20 Loom
9:17 Feudal Age
9:35 Man-at-Arms
10:58 Double-Bit Axe
19:05 Castle Age
17:01 Horse Collar
17:21 Fletching
19:25 Scale Mail Armor
19:36 Forging
19:19 Pikeman
20:01 Squires
23:34 Iron Casting
27:05 Chain Mail Armor
29:04 Gambesons
37:57 Imperial Age
41:17 Plate Mail Armor
41:47 Blast Furnace
42:21 Chemistry
42:06 Ballistics
good boy
10:44 Feudal Age
10:01 Loom
14:38 Castle Age
12:39 Double-Bit Axe
20:04 Horse Collar
23:22 Bow Saw
24:58 Fletching
26:21 Crossbowman
30:08 Heavy Plow
31:02 Town Watch
31:52 Wheelbarrow
34:29 Imperial Age
32:27 Bimaristan
33:35 Ballistics
33:23 Scale Barding Armor
33:29 Bloodlines
33:19 Husbandry
34:16 Hand Cart
35:05 Forging
36:21 Chemistry
35:33 Forging
35:54 Gold Mining
35:54 Stone Mining
36:50 Conscription
36:44 Elite Mameluke
36:56 Elite Skirmisher
37:38 Padded Archer Armor
38:05 Town Patrol
38:54 Gold Shaft Mining
38:54 Sanctity
38:56 Bodkin Arrow
40:12 Two-Man Saw
39:57 Leather Archer Armor
40:13 Bracer
41:12 Iron Casting
42:01 Masonry
43:01 Siege Engineers
43:40 Murder Holes
43:48 Devotion
44:03 Murder Holes
43:50 Treadmill Crane
44:52 Hoardings
44:54 Fortified Wall
45:51 Heresy
47:19 Blast Furnace
46:51 Ring Archer Armor
45:55 Light Cavalry
47:06 Hussar
Connection lost

Rejoining the realm…

Still unreachable

The connection could not be restored.

Session expired

The server has moved on; the page needs a fresh start.